Map: Dusk Towers

Players

LilDicky - Winner!

  • Race: Terran Terran
  • League: Diamond

Swully

  • Race: Protoss Protoss
  • League: Diamond

VOD

http://www.twitch.tv/tumescentpie

Description

Time

  • Played on: Jan. 1, 2016, 9:28 p.m.
  • Length: 5:41
Show
View Real Time Build Order
Export as new Build Order

LilDicky Terran - Winner!

Build Orders: MMM Bio 

Get SALT Encoding   

  12  0:01  SCV  
  13  0:13  SCV  
  14  0:17  Supply Depot  
  14  0:25  SCV  
  15  0:37  Refinery  
  15  0:39  SCV  
  16  0:45  Barracks  
  16  0:51  SCV  
  17  1:08  SCV  
  18  1:20  SCV  
  19  1:33  Marine  
  19  1:37  Supply Depot  
  19  1:38  Orbital Command  
  20  1:45  Factory  
  20  1:51  Marine  
  21  2:01  Barracks  
  21  2:04  SCV  
  22  2:10  Barracks  
  22  2:19  Barracks Reactor  
  22  2:21  SCV  
  23  2:29  Refinery  
  23  2:33  SCV  
  24  2:45  SCV  
  25  2:53  Engineering Bay  
  25  2:56  Barracks Tech Lab  
  25  2:57  Marine x2  
  25  2:58  SCV, Barracks Tech Lab  
  28  2:59  Widow Mine  
  30  3:11  Supply Depot  
  30  3:22  SCV  
  30  3:25  Combat Shields, Stimpack  
  30  3:26  Marine  
  31  3:32  Supply Depot  
  31  3:48  Supply Depot, Starport  
  31  3:53  Marine x4, Widow Mine  
  37  4:11  Marine x2  
  37  4:15  Supply Depot  
  37  4:16  SCV, Marine x2  
  40  4:39  Medivac  
  40  4:42  Marine x2  
  40  4:43  Supply Depot  
  45  4:46  Concussive Shells, Marauder x2  
  45  4:48  SCV  
  49  5:00  Marine  
  49  5:02  Marine  
  51  5:07  Marauder  
  51  5:08  Marauder  
  55  5:18  Marine  
Show
View Real Time Build Order
Export as new Build Order

Swully Protoss 

Build Orders: 1 Gate Expand 

Get SALT Encoding   

  12  0:01  Probe (Chrono Boost)  
  13  0:11  Probe (Chrono Boost)  
  14  0:18  Pylon  
  14  0:22  Probe (Chrono Boost)  
  15  0:36  Gateway  
  15  0:40  Probe (Chrono Boost)  
  16  0:47  Assimilator  
  16  0:50  Probe (Chrono Boost)  
  17  1:01  Probe (Chrono Boost)  
  18  1:23  Nexus  
  18  1:31  Probe (Chrono Boost)  
  19  1:38  Cybernetics Core  
  19  1:46  Probe (Chrono Boost), Assimilator  
  20  1:53  Pylon  
  20  1:59  Probe (Chrono Boost)  
  21  2:17  Twilight Council  
  21  2:19  Probe (Chrono Boost)  
  22  2:23  Warp Gate  
  22  2:31  Gateway, Probe (Chrono Boost)  
  23  2:43  Adept (Chrono Boost)  
  25  2:47  Probe  
  25  2:48  Probe  
  27  3:01  Mothership Core  
  27  3:03  Robotics Facility  
  29  3:06  Probe  
  30  3:18  Probe  
  30  3:22  Stalker (Chrono Boost)  
  33  3:30  Probe, Pylon  
  33  3:44  Probe  
  33  3:45  Probe  
  33  3:47  Stalker (Chrono Boost)  
  39  3:56  Stalker (Chrono Boost)  
  39  4:09  Observer  
  40  4:17  Stalker (Chrono Boost)  
  42  4:31  Probe  
  42  4:34  Observer  
  38  4:46  Probe  
  38  4:48  Probe  
  40  4:58  Probe  
  40  4:59  Probe  
  39  5:02  Nexus  
  40  5:11  Stalker  
  42  5:14  Stalker  
  42  5:15  Probe  
  42  5:17  Probe  
Tags
 
Add a new tag
Caveats
  • Supply blocks, unpowered buildings, or Contaminate may cause inaccurate times.
  • Supply counts are checked every 10 seconds.